 Dungeon Crawl Stone Soup version 0.27.0-1-g7a089689b8 (webtiles) character file.

Game seed: 12984188195858009941

59 pkoi the Chopper (level 3, 0/31 HPs)
             Began as a Minotaur Monk on Aug 10, 2021.
             Was a Priest of Jiyva.
             Slain by a scorpion (8 damage)
             ... on level 3 of the Dungeon.
             The game lasted 00:01:16 (1830 turns).

pkoi the Chopper (Minotaur Monk)                    Turns: 1830, Time: 00:01:17

Health: 0/31       AC: 10    Str: 16    XL:     3   Next: 78%
Magic:  2/2        EV:  5    Int:  7    God:    Jiyva [***...]
Gold:   46         SH:  0    Dex: 12    Spells: 2/2 levels left

rFire    . . .     SeeInvis .   a - +0 hand axe
rCold    . . .     Faith    .   (no shield)
rNeg     . . .     Spirit   .   f - +0 plate armour
rPois    .         Reflect  .   (helmet restricted)
rElec    .         Harm     .   (no cloak)
rCorr    +         Rampage  .   (no gloves)
Will     .....                  (no boots)
Stlth    ..........             (no amulet)
HPRegen  0.10/turn              (no ring)
MPRegen  0.08/turn              (no ring)

@: lethally poisoned (0 -> -18)
A: horns 2, retaliatory headbutt
a: Renounce Religion, Request Jelly


You were on level 3 of the Dungeon.
You worshipped Jiyva.
Jiyva was most pleased with you.
You visited 1 branch of the dungeon, and saw 3 of its levels.

You collected 46 gold pieces.

Inventory:

Hand Weapons
 a - a +0 hand axe (weapon)
Armour
 f - a +0 plate armour (worn)
Scrolls
 b - a scroll of identify {unknown}
 c - a scroll of holy word {unknown}
 e - a scroll of enchant weapon {unknown}
 g - a scroll of noise {unknown}
Potions
 d - a potion of curing {unknown}


   Skills:
 - Level 3.6 Fighting
 + Level 5.8 Axes
 - Level 3.2 Dodging
 - Level 1.5 Stealth


You had 2 spell levels left.
You didn't know any spells.
Your spell library was empty.

Dungeon Overview and Level Annotations

Branches:
Dungeon (3/15)

Altars:
Jiyva


Innate Abilities, Weirdness & Mutations

You have a pair of horns on your head.
You reflexively headbutt those who attack you in melee.


Message History

Unknown command.
No target in view!
Things that are here:
a +0 short sword; a +0 leather armour
There is a stone staircase leading up here.
You see here a bat corpse.
g - a scroll labelled FILIATZO MOEBB You hear a distant slurping noise.
Jiyva appreciates your sacrifice.
A white imp comes into view.
Found an escape hatch in the floor.
A white imp is nearby!
A white imp is nearby!
A white imp is nearby!
A scorpion and a goblin come into view.
The goblin shouts!
You hear a shout! x4
The goblin moves out of view.
Found a stone staircase leading down.
A goblin comes into view. It is wielding a +0 dagger.
Found a stone staircase leading down.
A goblin comes into view. It is wielding a +0 club.
The white imp hits you but does no damage.
The goblin shouts!
You hit the scorpion.
The scorpion is moderately wounded.
You hit the white imp. The scorpion stings you!
You are poisoned.
The scorpion poisons you!
The white imp hits you but does no damage.
You hit the scorpion.
You headbutt the scorpion, but do no damage.
The scorpion is heavily wounded.
You barely miss the white imp.
You feel sick. The scorpion stings you.
You are lethally poisoned!
The scorpion poisons you! The white imp gestures at you.
The puff of frost hits you!
* * * LOW HITPOINT WARNING * * *
The scorpion stings you!
You die...

####.# #. #.# #.#
g###.# #.## g.#.#
#..# ###.#># ##.#
#..>..# #.#
###...g.## #.#
.>.....5s# #.#
#....@.########.#
#...............#
######.##########
#.# #.# #.# #.#
..# ##


You could see a scorpion, a white imp and 3 goblins.

Vanquished Creatures
  Terence (D:2)
  A gnoll (D:1)
  A dart slug (D:1)
  An orc (D:3)
  3 bats
  An endoplasm (D:1)
  3 hobgoblins
  4 jackals (D:2)
  2 kobolds
  A ball python (D:2)
  4 frilled lizards
  2 goblins
  7 rats
31 creatures vanquished.

Vanquished Creatures (others)
  2 endoplasms
  A bat (D:1)
  A hobgoblin (D:2)
  8 plants (D:1)
12 creatures vanquished.

Grand Total: 43 creatures vanquished

Notes
Turn   | Place    | Note
-------+----------+-------------------------------------------
     0 | D:1      | pkoi the Minotaur Monk began the quest for the Orb.
     0 | D:1      | Reached XP level 1. HP: 19/19 MP: 0/0
   115 | D:1      | Found a faded altar of an unknown god.
   131 | D:1      | Became a worshipper of Jiyva Jowug the Shapeless
   131 | D:1      | Reached * piety under Jiyva
   131 | D:1      | Reached ** piety under Jiyva
   153 | D:1      | Reached skill level 4 in Axes
   245 | D:1      | Reached *** piety under Jiyva
   347 | D:1      | Reached XP level 2. HP: 20/26 MP: 1/1
  1280 | D:2      | Reached skill level 5 in Axes
  1364 | D:2      | Reached XP level 3. HP: 27/31 MP: 2/2
  1781 | D:3      | Noticed Terence
  1791 | D:2      | Killed Terence
  1826 | D:3      | Noticed a scorpion
  1830 | D:3      | Slain by a scorpion

Illustrated notes

Levels and vault maps discovered:
D:1:      dpeg_arrival_rooms_b, layout_loops_corners,
          hellmonk_ecumenical_altar_pennies_from_heaven, serial_bayou_crossing
D:2:      layout_basic
D:3:      layout_loops_ring, uniq_ijyb, uniq_crazy_yiuf_cottage, uniq_robin,
          uniq_terence

Skill      XL: |  1  2 |
---------------+-------+-----
Axes           | 4 5 |  5.8
Fighting       | |  3.6
Dodging        | |  3.2
Stealth        | |  1.5

Action                   || total
-------------------------++-------
Melee: Hand axe          ||    73
       Headbutt          ||    11
  Use: Scroll            ||     2
 Stab: Sleeping          ||     1
Armor: Plate armour      ||    38
Dodge: Dodged            ||    22
